 Dungeon Crawl Stone Soup version 0.17.0-15-g6d90897 (webtiles) character file.

1331 MDvedh the Basher (level 8, -17/67 HPs)
             Began as a Minotaur Enchanter on Nov 10, 2015.
             Was a Follower of Okawaru.
             Demolished by an orc warrior
             ... wielding a +0 war axe
              (30 damage)
             ... on level 6 of the Dungeon.
             The game lasted 00:11:50 (6648 turns).

MDvedh the Basher (Minotaur Enchanter)              Turns: 6648, Time: 00:11:50

Health: -17/67     AC:  9    Str: 16    XL:     8   Next: 34%
Magic:  9/9        EV: 11    Int: 12    God:    Okawaru [*.....]
Gold:   353        SH:  0    Dex: 10    Spells: 1 memorised, 8 levels left

rFire  + . .     SeeInvis .     i - +2 flail (crush)
rCold  . . .     Clarity  .     y - +0 ring mail
rNeg   . . .     SustAt   .     (no shield)
rPois  +         Gourm    .     (helmet unavailable)
rElec  .         Spirit   .     e - +0 cloak
rCorr  .         Warding  .     v - +1 pair of gloves
rMut   .         Stasis   .     (no boots)
MR     .....                    (no amulet)
Stlth  +.........               (no ring)
                                n - ring of poison resistance

@: very slightly contaminated, invisible, not resistant to hostile enchantments,
very unstealthy
A: retaliatory headbutt, horns 3, rugged brown scales 1, fire resistance 1
a: Heroism, Renounce Religion


You were on level 6 of the Dungeon.
You worshipped Okawaru.
Okawaru was aware of your devotion.
You were not hungry.

You visited 1 branch of the dungeon, and saw 6 of its levels.

You collected 353 gold pieces.

Inventory:

Hand Weapons
 i - a +2 flail of crushing (weapon)
Armour
 e - a +0 cloak (worn)
 v - a +1 pair of gloves (worn)
 y - a +0 ring mail (worn)
Jewellery
 n - a ring of poison resistance (left hand)
 t - an uncursed ring of ice
Wands
 c - a wand of frost (30)
 s - a wand of polymorph (7)
 z - a wand of lightning (12)
Scrolls
 a - 2 scrolls of teleportation
 k - 4 scrolls of identify
 l - 2 scrolls of amnesia {unknown}
 m - a scroll of immolation
 o - 4 scrolls of remove curse
 A - a scroll of fog
Potions
 b - a potion of resistance
 h - a potion of cancellation {unknown}
 j - 4 potions of curing {unknown}
 q - 2 potions of might
 w - a potion of brilliance {unknown}
 x - 2 potions of agility
Comestibles
 d - 5 bread rations
 f - 2 royal jellies
 r - a slice of pizza
 u - a beef jerky


   Skills:
 - Level 4.0 Fighting
   Level 1.1 Short Blades
 + Level 11.1 Maces & Flails
 - Level 2.1 Dodging
 - Level 2.4 Stealth
 - Level 1.3 Spellcasting
 - Level 2.0 Hexes


You had 8 spell levels left.
You knew the following spells:

 Your Spells              Type           Power        Failure   Level  Hunger
a - Corona                Hex            #......      28%         1    ##.....


Dungeon Overview and Level Annotations

Branches:
Dungeon (6/15)
 Temple: D:4-7

Altars:
Dithmenos
Elyvilon
Okawaru
Qazlal
Ru
Sif Muna
Trog
Vehumet


Innate Abilities, Weirdness & Mutations

You reflexively headbutt those who attack you in melee.
You have a pair of large horns on your head.
You are partially covered in rugged brown scales (AC +1, +3% HP).
Your flesh is heat resistant.


Message History

The orc warrior closely misses you.
Unknown command.
You hit the orc warrior.
The orc warrior is heavily wounded.
The orc warrior hits you with a war axe!!
Unknown command.
You closely miss the orc warrior. Your headbutt misses the orc warrior.
The orc warrior is heavily wounded.
The orc warrior misses you.
Unknown command.
Drink which item? (? for menu, Esc to quit)
You fade into invisibility!
The orc warrior hits you with a war axe!
* * * LOW HITPOINT WARNING * * *
You are very lightly contaminated with residual magic.
Unknown command.
Unknown command.
Unknown command.
The orc warrior hits you with a war axe!!
You die...

.. ...... ' #.
....# ..
#.####.#.## ...
#.........# ....
#..##..#..#
.....#..#...#..#
..+
.....'.o.......#
###
.....##S#...##.#
....# #.#@.###.#
...# #.o......#
...# ###.######
#'# #.### #.#
#...## # #.#
#.###.#
..####.##### #.
#.# #..........#
#.###.#
##.....#.#
##...##


You could see an orc warrior (berserk).

Vanquished Creatures
  Edmund (D:4)
  2 eyes of draining (D:3)
  An ice beast (D:6)
  A sky beast (D:6)
  2 ogres (D:4)
  A giant frog (D:6)
  A crimson imp (D:5)
  A jelly (D:6)
  A quasit (D:5)
  A centaur skeleton (D:5)
  A hound (D:6)
  Jessica (D:2)
  6 worker ants
  5 gnolls
  13 adders
  A shadow imp (D:5)
  2 oozes
  An adder skeleton (D:6)
  6 worms
  4 giant geckos
  14 orcs
  3 ball pythons
  5 bats
  3 giant cockroaches
  9 goblins
  5 hobgoblins
  14 jackals
  11 kobolds
  3 quokkas
  A giant gecko skeleton (D:3)
  7 giant newts
  A jackal skeleton (D:4)
  A jackal zombie (D:5)
  A quokka zombie (D:4)
  5 rats
135 creatures vanquished.

Notes
Turn   | Place    | Note
--------------------------------------------------------------
     0 | D:1      | MDvedh the Minotaur Enchanter began the quest for the Orb.
     0 | D:1      | Reached XP level 1. HP: 14/14 MP: 1/1
    17 | D:1      | Reached skill level 1 in Fighting
   197 | D:1      | Reached XP level 2. HP: 19/24 MP: 3/3
   737 | D:1      | Reached skill level 3 in Fighting
   748 | D:1      | Reached XP level 3. HP: 20/31 MP: 4/4
  1069 | D:2      | Reached skill level 4 in Fighting
  1112 | D:2      | Reached skill level 1 in Maces & Flails
  1127 | D:2      | Found a deep blue altar of Sif Muna.
  1226 | D:2      | Reached XP level 4. HP: 38/40 MP: 5/5
  1296 | D:2      | Noticed Jessica
  1302 | D:2      | Killed Jessica
  1782 | D:3      | Found a radiant altar of Vehumet.
  2117 | D:3      | Noticed an eye of draining
  2117 | D:3      | Found a bloodstained altar of Trog.
  2117 | D:3      | Noticed an eye of draining
  2132 | D:3      | Found a stormy altar of Qazlal.
  2142 | D:3      | Reached XP level 5. HP: 4/46 MP: 0/6
  2166 | D:3      | Killed an eye of draining
  2166 | D:3      | Reached skill level 5 in Maces & Flails
  2279 | D:3      | Killed an eye of draining
  2279 | D:3      | Reached skill level 6 in Maces & Flails
  2279 | D:3      | Reached XP level 6. HP: 28/52 MP: 1/7
  2425 | D:3      | Noticed a fire elemental
  2425 | D:3      | Noticed a water elemental
  2425 | D:3      | Noticed an air elemental
  3452 | D:4      | Found a white marble altar of Elyvilon.
  3476 | D:4      | Reached skill level 7 in Maces & Flails
  3548 | D:4      | Found a sacrificial altar of Ru.
  3573 | D:4      | Noticed Edmund
  3586 | D:4      | Killed Edmund
  3586 | D:4      | Reached XP level 7. HP: 28/59 MP: 8/8
  3718 | D:4      | Reached skill level 8 in Maces & Flails
  4452 | D:4      | Found a shadowy altar of Dithmenos.
  4686 | D:5      | Entered Level 5 of the Dungeon
  4748 | D:5      | Found an iron altar of Okawaru.
  4772 | D:5      | Became a worshipper of Warmaster Okawaru
  4865 | D:5      | Reached skill level 9 in Maces & Flails
  6031 | D:6      | Reached skill level 10 in Maces & Flails
  6147 | D:6      | Reached XP level 8. HP: 64/66 MP: 9/9
  6218 | D:6      | Reached * piety under Okawaru
  6222 | D:6      | Gained mutation: Your flesh is heat resistant. [mutagenic meat]
  6223 | D:6      | Gained mutation: You are partially covered in rugged brown scales (AC +1, +3% HP). [mutagenic meat]
  6224 | D:6      | Gained mutation: You have a pair of large horns on your head. [mutagenic meat]
  6449 | D:6      | Reached skill level 11 in Maces & Flails
  6648 | D:6      | Demolished by an orc warrior

Action                   |  1- 3 |  4- 6 |  7- 9 || total
-------------------------+-------+-------+-------++-------
Melee: Dagger            |    95 |       |       ||    95
       Mace              |    14 |   139 |       ||   153
       Flail             |       |       |   175 ||   175
  Use: Scroll            |       |    11 |     2 ||    13
       Potion            |       |     1 |     1 ||     2
 Stab: Sleeping          |     2 |     2 |       ||     4
       Invisible         |       |     1 |       ||     1
       Paralysed         |       |     1 |       ||     1
       Distracted        |       |       |     1 ||     1
  Eat: Chunk             |     1 |     6 |    13 ||    20
       Pizza             |       |     1 |       ||     1
